Map: Ephemeron LE

Players

Ratl

  • Race: Protoss Protoss
  • League: Silver
  • Spawn Location: 11:00

VOD

Have the link to the VOD?

Description

Time

  • Played on: Jan. 12, 2020, 1:41 p.m.
  • Length: 8:19
Show
View Real Time Build Order
Export as new Build Order

Ratl Protoss 

Build Orders:  

Get SALT Encoding   

  12  0:04  Probe (Chrono Boost)  
  14  0:21  Probe (Chrono Boost)  
  14  0:31  Pylon  
  14  0:38  Probe (Chrono Boost)  
  15  0:55  Probe (Chrono Boost)  
  15  0:58  Gateway  
  16  1:06  Probe (Chrono Boost)  
  16  1:15  Assimilator  
  16  1:19  Probe (Chrono Boost)  
  18  1:35  Probe (Chrono Boost)  
  18  1:36  Gateway  
  19  1:47  Assimilator  
  19  1:52  Probe (Chrono Boost)  
  20  2:06  Cybernetics Core  
  20  2:09  Probe (Chrono Boost)  
  21  2:26  Probe (Chrono Boost)  
  22  2:30  Pylon  
  22  2:43  Probe (Chrono Boost)  
  23  2:55  Pylon  
  24  3:00  Probe (Chrono Boost)  
  24  3:07  Stalker  
  26  3:15  Stalker  
  26  3:16  Probe (Chrono Boost)  
  28  3:32  Probe  
  29  3:48  Probe  
  30  3:53  Stalker  
  30  3:57  Stalker  
  34  4:05  Probe  
  35  4:15  Warp Gate (Chrono Boost)  
  35  4:22  Probe  
  36  4:33  Nexus  
  36  4:39  Probe  
  35  4:56  Probe  
  36  5:04  Robotics Facility  
  36  5:13  Probe  
  37  5:32  Probe  
  38  5:49  Probe  
  39  6:00  Pylon  
  39  6:03  Pylon  
  39  6:13  Probe  
  40  6:21  Probe  
  40  6:25  Stalker x2  
  45  6:30  Probe  
  45  6:38  Observer  
  47  6:47  Probe  
  48  6:55  Probe  
  48  6:56  Assimilator  
  48  6:59  Assimilator  
  49  7:04  Probe  
  49  7:06  Forge  
  49  7:08  Forge, Warp Prism  
  52  7:10  Pylon  
  52  7:12  Probe  
  53  7:35  Stalker  
  53  7:37  Stalker  
  57  7:47  Probe x2  
  62  8:15  Stalker x2  
Tags
 
League
Silver
Matchup
Co-op
Add a new tag
Caveats
  • Supply blocks, unpowered buildings, or Contaminate may cause inaccurate times.
  • Supply counts are checked every 10 seconds.